 Dungeon Crawl Stone Soup version 0.24.1-4-ge52af88ad5 (webtiles) character file.

Game seed: 17663217468898755636, levelgen mode: deterministic

77 nightchill the Slasher (level 4, 0/34 HPs)
             Began as a Vampire Gladiator on Apr 15, 2020.
             Succumbed to an adder's poison
             ... on level 3 of the Dungeon.
             The game lasted 00:03:59 (1670 turns).

nightchill the Slasher (Vampire Gladiator)          Turns: 1670, Time: 00:04:01

Health: 0/34       AC:  4    Str: 14    XL:     4   Next: 13%
Magic:  4/4        EV: 13    Int: 10    God:
Gold:   101        SH:  0    Dex: 15    Spells: 3/3 levels left

rFire    . . .     SeeInvis +   e - +1 dagger (speed)
rCold    . . .     Gourm    .   (no shield)
rNeg     . . .     Faith    .   b - +0 leather armour
rPois    .         Spirit   .   c - +0 helmet
rElec    .         Reflect  .   (no cloak)
rCorr    .         Harm     .   (no gloves)
MR       .....                  (no boots)
Stlth    +.........             (no amulet)
HPRegen  0.31/turn              (no ring)
MPRegen  0.09/turn              (no ring)

@: lethally poisoned (0 -> -1), regenerating quickly
A: no food, fangs 3, see invisible, unbreathing
a: Exsanguinate


You were on level 3 of the Dungeon.
You were alive.

You visited 1 branch of the dungeon, and saw 3 of its levels.

You collected 101 gold pieces.

Inventory:

Hand Weapons
 a - a +0 long sword
 e - a +1 dagger of speed (weapon)
Missiles
 d - 3 throwing nets (quivered)
 i - 113 stones
Armour
 b - a +0 leather armour (worn)
 c - a +0 helmet (worn)
 o - a +0 buckler
Jewellery
 g - a cursed amulet of rage {unknown}
Scrolls
 f - 2 scrolls of immolation {unknown}
 h - 3 scrolls of remove curse {unknown}
 j - a scroll of enchant armour {unknown}
 l - 2 scrolls of teleportation {unknown}
 m - a scroll of enchant weapon {unknown}
Potions
 k - 4 potions of degeneration {unknown}
 n - a potion of flight {unknown}


   Skills:
 + Level 2.6 Fighting
 * Level 2.8(3.8) Short Blades
 - Level 3.4(3.9) Long Blades
 - Level 1.5 Throwing
 - Level 3.2 Dodging


You had 3 spell levels left.
You didn't know any spells.
Your spell library was empty.

Dungeon Overview and Level Annotations

Branches:
Dungeon (3/15)

Altars:
Nemelex Xobeh
Qazlal
Ru
The Shining One


Innate Abilities, Weirdness & Mutations

You do not eat.
Your natural rate of healing is unusually fast.
You have razor-sharp teeth.
You have supernaturally acute eyesight. (SInv)
You can survive without breathing.


Message History

The orc closely misses you.
You hit the adder but do no damage. Your bite misses the adder.
The adder is heavily wounded.
You hit the adder but do no damage.
The adder is heavily wounded.
You feel sick. The adder bites you.
* * * LOW HITPOINT WARNING * * *
You hit the adder.
The adder is severely wounded.
The orc misses you. The adder barely misses you.
You feel sick.
You are no longer poisoned.
The adder closely misses you. The hobgoblin misses you.
You see here a scroll labeled CAMEBR DACONUH.
The adder bites you.
* * * LOW HITPOINT WARNING * * *
You are lethally poisoned!
The adder poisons you!
A worm comes into view.
You die...

..........# #........
..........#####........
#............##..?...(.
...........#...........
..............#........
..........###....####..
...w..†).)###s?..##
........<†#.Sg....#
..........@.#......)#
......(.).............
...##[.................
#. ...........###.###.#
##..#.........# .# ..
.......#.....# +#
#...%..#.#.....
.>........#.##


You could see a worm (wandering), an adder, a giant cockroach and a hobgoblin.

Vanquished Creatures
  2 adders (D:2)
  An ooze (D:1)
  A leopard gecko (D:2)
  2 orcs (D:3)
  3 giant cockroaches
  8 goblins
  4 hobgoblins
  7 jackals
  A quokka (D:3)
  3 ball pythons
  3 bats
  4 frilled lizards
  6 kobolds
  A rat (D:1)
46 creatures vanquished.

Notes
Turn   | Place    | Note
-------+----------+-------------------------------------------
     0 | D:1      | nightchill the Vampire Gladiator began the quest for the
                  | Orb.
     0 | D:1      | Reached XP level 1. HP: 16/16 MP: 1/1
    77 | D:1      | Reached XP level 2. HP: 21/22 MP: 2/2
   325 | D:1      | Reached skill level 1 in Short Blades
   363 | D:1      | Found a glowing golden altar of the Shining One.
   469 | D:1      | Reached XP level 3. HP: 25/27 MP: 3/3
  1042 | D:2      | Noticed a water elemental
  1044 | D:2      | Found a stormy altar of Qazlal.
  1046 | D:2      | Noticed an earth elemental
  1046 | D:2      | Noticed an air elemental
  1046 | D:2      | Noticed a fire elemental
  1379 | D:2      | Found a sparkling altar of Nemelex Xobeh.
  1386 | D:2      | Found a sacrificial altar of Ru.
  1526 | D:3      | Reached XP level 4. HP: 18/34 MP: 4/4
  1669 | D:3      | HP: 1/34 [adder (3)]
  1670 | D:3      | Succumbed to an adder's poison

Levels and vault maps discovered:
D:1:      dpeg_arrival_brainrot, layout_loops_cross, serial_glass,
          glass_columns_a, glass_columns_c, glass_columns_c, glass_columns_a,
          glass_columns_c, glass_columns_a, tso_metal_star
D:2:      layout_basic, nicolae_qazlal_style_of_elements, minitemple, hex_large
D:3:      layout_rooms, lemuel_doored_altar, first_ration,
          grunt_gozag_breadcrumbs

Skill      XL: |  1  2  3 |
---------------+----------+-----
Fighting       | 2 |  2.6
Short Blades   | 1 2 |  2.8
Long Blades    | |  3.4
Throwing       | |  1.5
Dodging        | |  3.2

Action                   |  1- 3 |  4- 6 || total
-------------------------+-------+-------++-------
Melee: Long sword        |    13 |       ||    13
       Dagger            |   142 |    61 ||   203
       Bite              |     6 |     4 ||    10
Armor: Leather armour    |    43 |    12 ||    55
Dodge: Dodged            |   100 |    55 ||   155
       Rpst.: Long sword |     6 |       ||     6
